Epic armor battle 4v4

Match 39963474
End
Vickers Machine Gun Team
Selects Canadian Shock Battlegroup
Construct Section Command Post
Infantry Section
Infantry Section
Infantry Section
Dingo Light Scout Car
Construct Platoon Command Post
Selects Burnout
Unlock M3 Stuart Light Tanks
M3 Stuart Light Tank
M3 Stuart Light Tank
M3 Stuart Light Tank
Light Vehicle Training
Burnout
M3 Stuart Light Tank
M3 Stuart Light Tank
Selects Pyrotechnics
Infantry Training
Selects Churchill Crocodile Heavy Tank
Churchill Crocodile Heavy Tank
Burnout
Armored Vehicle Training
Selects Attacking Spirit
Construct Company Command Post
Matilda II Heavy Tank
Matilda II Heavy Tank
Burnout
Selects Canadian Shock Section
Selects Smoke Operation
Crusader II Medium Tank
Burnout
Burnout
Crusader II Medium Tank
Foot Guards Section
Foot Guards Section
Smoke Operation
Matilda II Heavy Tank
Crusader II Medium Tank
Burnout
Smoke Operation
Burnout
Unlock M3 Grant Medium Tanks
M3 Grant Medium Tank
Smoke Operation
Burnout
Burnout
Royal Engineer Section
Royal Engineer Section
Smoke Operation
Burnout
M3 Grant Medium Tank
Smoke Operation
Burnout
Smoke Operation
Crusader II Medium Tank
Burnout
Crusader II Medium Tank
Burnout
Crusader II Medium Tank
Burnout
Crusader II Medium Tank
Burnout
Crusader II Medium Tank
Foot Guards Section
Burnout
Foot Guards Section
Burnout
M3 Grant Medium Tank
Burnout
Burnout
M3 Grant Medium Tank
Captain Winters
Groju
KEKEKING
Oncle-Hô
WarpTrav
Noch
Nuclear_cucumber
渴了就嘬阿罗娜
0
0

Comments sign in to comment!

No comments posted yet!